 Dungeon Crawl Stone Soup version 0.24.0-13-gcf9b3192b9 (webtiles) character file.

Game seed: 15781574882459021281, levelgen mode: deterministic

191304 mopl the Eclecticist (level 18, -15/140 HPs)
             Began as a Gnoll Wanderer on Nov 5, 2019.
             Was the Champion of Ru.
             Shot with an arrow by a deep elf master archer (17 damage)
             ... on level 3 of the Elven Halls.
             The game lasted 01:28:43 (39400 turns).

mopl the Eclecticist (Gnoll Wanderer)              Turns: 39400, Time: 01:28:44

Health: -15/140    AC: 28    Str: 22    XL:     18   Next: 19%
Magic:  0/34       EV: 16    Int: 16    God:    Ru [******]
Gold:   1460       SH:  0    Dex: 14    Spells: 35/50 levels left

rFire    + . .     SeeInvis +   a - +7 quarterstaff of Hief {flame, *Slow MR++ SInv}
rCold    + . .     Gourm    .   (shield currently unavailable)
rNeg     . . .     Faith    .   N - +7 chain mail of Ibla Big {rC+ MR+ Stlth+}
rPois    .         Spirit   +   R - +0 helmet
rElec    +         Reflect  .   P - +0 cloak
rCorr    .         Harm     .   Y - +2 pair of gloves
MR       ++++.                  M - -2 pair of boots of Time Monsters {rElec rF+ SInv}
Stlth    +++.......             p - amulet of guardian spirit
HPRegen  0.00/turn              q - +3 ring of protection
MPRegen  0.24/turn              B - +2 ring of evasion

@: lethally poisoned (-15 -> -16), exhausted, no potions, overwhelmed with
horror, very slightly contaminated, lightly drained
A: distributed training, fangs 1, low mp 1, inhibited regeneration, inability to
drink while threatened, cowardly, inexperienced 1, strong nose
}: 1/15 runes: abyssal
a: Draw Out Power, Power Leap, Apocalypse, Renounce Religion


You were on level 3 of the Elven Halls.
You worshipped Ru.
Ru was exalted by your worship.
You were not hungry.

You visited 4 branches of the dungeon, and saw 26 of its levels.
You visited the Abyss 1 time.
You also visited: Ossuary and Bailey.

You collected 2894 gold pieces.
You spent 1434 gold pieces at shops.

Inventory:

Hand Weapons
 a - the +7 quarterstaff of Hief (weapon) {flame, *Slow MR++ SInv}
   (You found it on level 4 of the Dungeon)

   It has been specially enchanted to burn those struck by it, causing extra
   injury to most foes and up to half again as much damage against particularly
   susceptible opponents.
   It affects your resistance to hostile enchantments.
   It lets you see invisible.
   It may slow you when you take damage.
 b - the +8 war axe "Rynil" {elec, rElec SInv}
   (You found it on level 2 of the Lair of Beasts)

   Occasionally, upon striking a foe, it will discharge some electrical energy
   and cause terrible harm.
   It insulates you from electricity.
   It lets you see invisible.
 n - a +0 eveningstar of holy wrath
 w - a +1 antimagic broad axe
 y - a +0 lajatang of electrocution
 J - a +0 antimagic quick blade
Missiles
 k - 30 bolts
 r - 34 boomerangs (quivered)
 A - 279 arrows
 I - 4 curare-tipped darts
 S - 42 poisoned darts
 Z - 2 throwing nets
Armour
 M - the -2 pair of boots of Time Monsters (worn) {rElec rF+ SInv}
   (You bought it in a shop on level 9 of the Dungeon)

   It protects you from fire.
   It insulates you from electricity.
   It lets you see invisible.
 N - the +7 chain mail of Ibla Big (worn) {rC+ MR+ Stlth+}
   (You bought it in a shop on level 10 of the Dungeon)

   It protects you from cold.
   It affects your resistance to hostile enchantments.
   It makes you more stealthy.
 P - a +0 cloak (worn)
 R - a +0 helmet (worn)
 V - a +1 buckler of resistance
 Y - a +2 pair of gloves (worn)
Jewellery
 g - the ring "Cusudagg" {+Fly rC+ rCorr Int-5}
   (You found it on level 12 of the Dungeon)

   [ring of resist corrosion]

   It affects your intelligence (-5).
   It protects you from cold.
   It lets you fly.
   It provides partial protection from all sources of acid and corrosion.
 m - an uncursed ring of poison resistance
 p - an amulet of guardian spirit (around neck)
 q - a +3 ring of protection (left hand)
 B - a +2 ring of evasion (right hand)
 O - an uncursed ring of positive energy
Wands
 C - a wand of clouds (9)
 E - a wand of enslavement (12)
 H - a wand of iceblast (19)
 K - a wand of polymorph (41)
 L - a wand of digging (4)
 U - a wand of flame (72)
Scrolls
 d - a scroll of vulnerability
 f - 8 scrolls of teleportation
 i - 12 scrolls of remove curse
 s - 9 scrolls of magic mapping {unknown}
 t - a scroll of fog
 G - 2 scrolls of blinking
 Q - 4 scrolls of fear
 T - 2 scrolls of silence
 X - 5 scrolls of identify
Potions
 e - 3 potions of might
 h - 9 potions of curing
 j - 2 potions of mutation
 l - 9 potions of heal wounds
 o - 4 potions of berserk rage
 u - 3 potions of ambrosia
 v - 5 potions of lignification
 z - 3 potions of agility
 D - 5 potions of haste
 F - a potion of cancellation
 W - 2 potions of resistance
Miscellaneous
 x - a phial of floods
Comestibles
 c - 46 rations


   Skills:
 + Level 11.8(11.2) Fighting
 + Level 11.8(11.2) Short Blades
 + Level 11.8(11.2) Long Blades
 + Level 11.8(11.2) Axes
 + Level 11.8(11.2) Maces & Flails
 + Level 11.8(11.2) Polearms
 + Level 11.8(11.2) Staves
 + Level 11.8(11.2) Slings
 + Level 11.8(11.2) Bows
 + Level 11.8(11.2) Crossbows
 + Level 11.8(11.2) Throwing
 + Level 11.8(11.2) Armour
 + Level 11.8(11.2) Dodging
 + Level 11.8(11.2) Stealth
 + Level 11.8(11.2) Shields
 + Level 11.8(11.2) Unarmed Combat
 + Level 16.7(16.0) Spellcasting
 + Level 10.3(9.8) Conjurations
 + Level 10.1(9.5) Hexes
 + Level 10.1(9.5) Charms
 + Level 10.1(9.5) Summonings
 + Level 10.1(9.5) Necromancy
 + Level 10.1(9.5) Translocations
 + Level 10.1(9.5) Transmutations
 + Level 10.3(9.8) Fire Magic
 + Level 10.1(9.5) Ice Magic
 + Level 10.1(9.5) Air Magic
 + Level 10.1(9.5) Earth Magic
 + Level 10.1(9.5) Poison Magic
 + Level 12.8(12.1) Invocations
 + Level 12.6(11.9) Evocations


You had 35 spell levels left.
You knew the following spells:

 Your Spells              Type           Power        Failure   Level  Hunger
a - Apportation           Tloc           ###...       1%          1    None
c - Corpse Rot            Necr           N/A          1%          2    None
d - Mephitic Cloud        Conj/Pois/Air  ###.....     1%          3    None
e - Blink                 Tloc           N/A          1%          2    None
n - Swiftness             Chrm/Air       ###.....     1%          2    None
p - Passwall              Tmut/Erth      ###.....     1%          2    None
r - Regeneration          Chrm/Necr      ###.......   1%          3    None

Your spell library contained the following spells:

 Spells                   Type           Power        Failure   Level  Hunger
 Animate Skeleton         Necr           N/A          1%          1    None
 Confusing Touch          Hex            ###...       1%          1    None
 Flame Tongue             Conj/Fire      ###..        1%          1    None
 Magic Dart               Conj           ###.         1%          1    None
 Pain                     Necr           ###.         1%          1    None
 Summon Small Mammal      Summ           ###.         1%          1    None
 Call Imp                 Summ           ###.....     1%          2    None
 Poisonous Vapours        Pois/Air       ###...       1%          2    None
 Slow                     Hex            ###.....     1%          2    None
 Throw Flame              Conj/Fire      ###...       1%          2    None
 Conjure Flame            Conj/Fire      ###.....     1%          3    None
 Inner Flame              Hex/Fire       ###.....     1%          3    None
 Portal Projectile        Hex/Tloc       ###...       1%          3    None
 Stone Arrow              Conj/Erth      ###...       1%          3    None
 Vampiric Draining        Necr           ###.......   1%          3    None
 Sticky Flame             Conj/Fire      ###.....     4%          4    None
 Airstrike                Air            ###.......   5%          4    None
 Animate Dead             Necr           N/A          5%          4    None
 Leda's Liquefaction      Hex/Erth       ###.......   5%          4    None
 Passage of Golubria      Tloc           N/A          5%          4    None
 Fireball                 Conj/Fire      ###.......   14%         5    ####...
 Lee's Rapid Deconstruct  Erth           ###.......   16%         5    ####...
 Summon Forest            Summ/Tloc      ###.......   16%         5    ####...
 Yara's Violent Unravell  Hex/Tmut       ###.......   16%         5    ####...
 Darkness                 Hex            ###.......   63%         6    #####..
 Hydra Form               Tmut           ###.......   63%         6    #####..
 Invisibility             Hex            ###.....     63%         6    #####..
 Summon Hydra             Summ           ###.......   99%         7    #######


Dungeon Overview and Level Annotations

Branches:
Dungeon (15/15)            Temple (0/1) D:4            Lair (6/6) D:8
  Swamp (0/4) Lair:4        Snake (0/4) Lair:2        Slime (0/5) Lair:5
    Orc (2/2) D:9             Elf (3/3) Orc:2        Vaults (0/5) D:13
 Depths (0/5) D:15        Ossuary (visited)          Bailey (visited)

Altars:
Ashenzari
Hepliaklqana
Kikubaaqudgha
Okawaru
Qazlal
Ru
Sif Muna
Trog
Uskayaw
Vehumet
Xom
Yredelemnul
Zin
The Shining One
Jiyva

Shops:
D:9 *(   D:10 ***[   D:11 =   Orc:2 }::(   Elf:2 :

Annotations:
D:10 3 runed translucent doors, Gruesph's ghost, novice CeHu
Lair:1 exclusion: 2 oklob plants
Lair:4 exclusion: 4 oklob plants
Lair:6 3 runed translucent doors, Chainwhirler's ghost, journeyman DEFE


Innate Abilities, Weirdness & Mutations

Your experience applies equally to all skills.
You have very sharp teeth.
Your magical capacity is low. (-10% MP)
You do not regenerate when monsters are visible.
You cannot drink potions while threatened.
Your cowardice makes you less effective in combat with threatening monsters.
You are somewhat inexperienced. (-2 XL)
Your uncanny sense of smell can sniff out nearby items.


Message History

* * * LOW HITPOINT WARNING * * *
The deep elf sorcerer picks up a scroll of immolation.
The deep elf elementalist casts a spell at you.
The fireball explodes!
The fireball engulfs you. You resist.
* * * LOW HITPOINT WARNING * * *
The fireball engulfs the deep elf elementalist!!
The deep elf elementalist shouts!
You hear a shout! x2
Monsters!
Monsters everywhere!
You have to get out of here!
A deep elf knight and a deep elf sorcerer come into view.
The deep elf sorcerer is wielding a +2 long sword of venom.
Blink to where?
Press: ? - help, Dir - move target cursor
As you read the scroll of blinking, it crumbles to dust. 2 deep elf annihilators, 2 deep elf sorcerers and a deep elf master archer come into view.
The deep elf annihilator shouts!
The deep elf sorcerer shouts!
You hear a shout!
The deep elf master archer wields a +0 longbow.
The deep elf master archer shoots an arrow.
The arrow hits you!
You die...

#### +######## ....
#e.....?. ....
##......e. ........###
#.@.e.e... ..........#
#...........
...e......###...........
.###.......#.^.....###..
## #......#......## .
#โˆ† #.....'.....##
#.....#....e#
#.e.ยง.#.....# # โˆ†
#e.....# โˆ†


You could see a deep elf master archer, 2 deep elf annihilators and 2 deep elf
sorcerers.

Vanquished Creatures
  A bone dragon (Abyss:2)
  Jorgrun (D:14)
  Rupert (D:13)
  A deep elf blademaster (Elf:2)
  Gastronok (Lair:2)
  Donald (Elf:2)
  3 deep elf sorcerers (Elf:3)
  Louise (D:14)
  2 deep elf elementalists (Elf:3)
  4 deep elf demonologists
  6 deep elf annihilators
  Nessos (D:13)
  A white draconian (Abyss:3)
  A purple draconian (Abyss:3)
  4 deep elf death magi
  An ettin (D:15)
  2 ogre magi
  A deep elf high priest (Elf:3)
  An ice dragon (Lair:6)
  6 hydras
  Fannar (D:9)
  3 catoblepae (Lair:6)
  3 centaur warriors
  2 death knights (D:14)
  18 dancing weapons
  17 two-headed ogres
  2 tengu warriors
  Urug (Orc:1)
  6 death yaks (Lair:6)
  A deep troll shaman (Lair:6)
  11 deep elf knights
  Nergalle (Lair:1)
  2 skeletal warriors (D:14)
  A wretched star (Abyss:3)
  4 unseen horrors
  13 deep elf archers
  2 deep trolls
  A glowing orange brain (Abyss:3)
  A lindwurm (Lair:6)
  Pikel (D:7)
  A necromancer (Abyss:3)
  2 wizards (Elf:1)
  2 orc sorcerers
  2 orc knights
  2 ugly things
  2 manticores (D:15)
  A worldbinder (Abyss:2)
  51 deep elf magi
  16 elephants
  5 cyclopes
  4 black mambas
  3 centaur zombies
  6 gargoyles
  2 smoke demons (Abyss:3)
  2 rime drakes
  11 spiny frogs
  4 komodo dragons
  12 trolls
  2 large abominations (Abyss:3)
  2 tengu conjurers
  3 meliai
  2 polar bears (Lair:6)
  4 blink frogs (Lair:2)
  2 bog bodies (Lair:4)
  6 slime creatures
  An ice dragon zombie (Abyss:3)
  A hornet (D:14)
  A meliai zombie (D:12)
  2 raiju
  4 dream sheep (Lair:6)
  4 water elementals
  14 hippogriffs
  3 shadows
  A vampire (D:12)
  8 hogs
  16 humans
  Eustachio (D:6)
  A fire elemental (Elf:2)
  7 wraiths
  An ice dragon skeleton (Abyss:2)
  A ynoxinul (Abyss:3)
  5 wyverns
  5 hungry ghosts
  29 yaks
  3 vampire mosquitoes (D:13)
  Menkaure (D:7)
  A warg (Orc:2)
  2 soldier ants
  An acid dragon (D:11)
  4 nagas (Lair:2)
  13 water moccasins
  15 porcupines
  3 ice beasts
  9 sky beasts
  37 orc warriors
  A hornet zombie (D:12)
  3 phantoms
  A black bear (Lair:6)
  24 ogres
  3 starcursed masses (Abyss:3)
  A black mamba simulacrum (Abyss:3)
  2 slaves (D:7)
  21 wolves
  A boggart (Elf:1)
  18 centaurs
  15 crocodiles
  An elf zombie (D:7)
  2 big kobolds
  15 bullfrogs
  A gnoll sergeant (D:11)
  An elf skeleton (D:7)
  8 scorpions
  10 killer bees
  20 wights
  2 jellies
  2 electric eels (Lair:5)
  5 howler monkeys
  7 crimson imps
  7 bullfrog zombies
  5 quasits
  8 hounds
  4 small abominations
  Crazy Yiuf (D:7)
  22 orc priests
  28 orc wizards
  A bullfrog skeleton (D:11)
  6 centaur skeletons
  Terence (D:2)
  2 human skeletons (D:7)
  5 iguanas
  13 worker ants
  3 hound skeletons
  11 mummies (Ossuary)
  A worker ant zombie (D:10)
  13 gnolls
  11 adders
  3 shadow imps
  3 white imps (Lair:6)
  An ooze (D:3)
  An adder zombie (D:7)
  3 adder skeletons
  3 worms
  2 dart slugs (D:2)
  11 leopard geckos
  93 orcs
  5 ball pythons
  9 bats
  6 giant cockroaches
  15 goblins
  10 hobgoblins
  20 jackals
  6 quokkas
  8 frilled lizards
  A gnoll skeleton (Ossuary)
  2 goblin skeletons (Ossuary)
  19 kobolds
  3 kobold skeletons (Ossuary)
  A leopard gecko skeleton (D:5)
  4 orc skeletons
  2 quokka skeletons
  8 rats
  11 rat skeletons (Ossuary)
  A bush (D:7)
  3 fungi
  A plant (Lair:6)
1035 creatures vanquished.

Vanquished Creatures (others)
  Kirke (Lair:3)
  A deep elf high priest (Elf:3)
  A hydra (Lair:5)
  2 centaur warriors
  2 dancing weapons (Elf:2)
  2 deep elf knights
  3 deep elf magi
  An orc knight (Bailey)
  An elephant (Lair:5)
  A troll (Orc:1)
  A raiju (Abyss:3)
  A dream sheep (Lair:6)
  A human (D:13)
  A basilisk (Lair:2)
  A hog (D:7)
  A golden eye (shapeshifter) (D:15)
  A porcupine (Lair:5)
  An orc warrior (D:13)
  2 ogres (Orc:1)
  A wight (Abyss:3)
  A gnoll (D:8)
  3 orcs
  A kobold (D:9)
  9 fungi
  3 plants (D:8)
43 creatures vanquished.

Grand Total: 1078 creatures vanquished

Notes
Turn   | Place    | Note
-------+----------+-------------------------------------------
     0 | D:1      | Reached skill level 12 in Spellcasting
     0 | D:1      | mopl the Gnoll Wanderer began the quest for the Orb.
     0 | D:1      | mopl set off with the following items: a +0 club, a scroll
                  | of teleportation, a +0 robe, a ration; and the following
                  | spell memorised: Magic Dart; and the following spells
                  | available to memorise: Conjure Flame, Blink, Call Imp,
                  | Poisonous Vapours, Slow, Swiftness, Mephitic Cloud
     0 | D:1      | Reached XP level 1. HP: 13/13 MP: 14/14
   131 | D:1      | Reached XP level 2. HP: 16/19 MP: 13/15
   580 | D:1      | Reached XP level 3. HP: 25/25 MP: 12/17
   695 | D:2      | Reached skill level 1 in Invocations
   766 | D:2      | Reached skill level 1 in Fighting
   766 | D:2      | Reached skill level 1 in Short Blades
   766 | D:2      | Reached skill level 1 in Long Blades
   766 | D:2      | Reached skill level 1 in Axes
   766 | D:2      | Reached skill level 1 in Maces & Flails
   766 | D:2      | Reached skill level 1 in Polearms
   766 | D:2      | Reached skill level 1 in Staves
   766 | D:2      | Reached skill level 1 in Slings
   766 | D:2      | Reached skill level 1 in Bows
   766 | D:2      | Reached skill level 1 in Crossbows
   766 | D:2      | Reached skill level 1 in Throwing
   766 | D:2      | Reached skill level 1 in Armour
   766 | D:2      | Reached skill level 1 in Dodging
   766 | D:2      | Reached skill level 1 in Stealth
   766 | D:2      | Reached skill level 1 in Shields
   766 | D:2      | Reached skill level 1 in Unarmed Combat
   791 | D:2      | Reached skill level 13 in Spellcasting
   791 | D:2      | Reached XP level 4. HP: 32/32 MP: 19/19
   943 | D:2      | Reached skill level 1 in Hexes
   943 | D:2      | Reached skill level 1 in Charms
   943 | D:2      | Reached skill level 1 in Summonings
   943 | D:2      | Reached skill level 1 in Necromancy
   943 | D:2      | Reached skill level 1 in Translocations
   943 | D:2      | Reached skill level 1 in Transmutations
   943 | D:2      | Reached skill level 1 in Ice Magic
   943 | D:2      | Reached skill level 1 in Air Magic
   943 | D:2      | Reached skill level 1 in Earth Magic
   943 | D:2      | Reached skill level 1 in Poison Magic
  1385 | D:3      | Noticed Terence
  1397 | D:2      | Killed Terence
  1397 | D:2      | Reached XP level 5. HP: 35/37 MP: 20/20
  1421 | D:3      | Learned a level 2 spell: Blink
  1424 | D:3      | Learned a level 2 spell: Swiftness
  1437 | D:3      | Found a bloodstained altar of Trog.
  2323 | D:3      | Found a sacrificial altar of Ru.
  2331 | D:3      | Reached XP level 6. HP: 44/44 MP: 22/22
  2404 | D:3      | Became a worshipper of Ru the Awakened
  2489 | D:3      | Reached skill level 5 in Evocations
  2742 | D:3      | Reached XP level 7. HP: 45/50 MP: 23/23
  2986 | D:4      | Got a bloodstained quarterstaff
  2987 | D:4      | Identified the +7 quarterstaff of Hief {flame, *Slow MR++
                  | SInv} (You found it on level 4 of the Dungeon)
  3221 | D:4      | Found a staircase to the Ecumenical Temple.
  3261 | D:4      | Found a radiant altar of Vehumet.
  3261 | D:4      | Found a sacrificial altar of Ru.
  3671 | D:4      | Reached XP level 8. HP: 57/57 MP: 25/25
  3711 | D:4      | Found a glowing golden altar of the Shining One.
  3781 | D:5      | Entered Level 5 of the Dungeon
  4000 | D:5      | Gained mutation: You are somewhat inexperienced. (-2 XL)
                  | [Ru sacrifice]
  4000 | D:5      | Reached XP level 7. HP: 52/52 MP: 23/23
  4000 | D:5      | Reached XP level 6. HP: 47/47 MP: 22/22
  4000 | D:5      | Reached * piety under Ru
  4000 | D:5      | Reached ** piety under Ru
  4111 | D:5      | Found an iron altar of Okawaru.
  4112 | D:5      | Found a basalt altar of Yredelemnul.
  4121 | D:5      | Found a hazy altar of Hepliaklqana.
  4121 | D:5      | Found a shimmering altar of Xom.
  4253 | D:5      | Noticed a sky beast
  4278 | D:5      | Killed a sky beast
  4278 | D:5      | Reached XP level 7. HP: 34/52 MP: 23/23
  5028 | D:5      | Reached XP level 8. HP: 6/60 MP: 25/25
  5679 | D:6      | Learned a level 3 spell: Mephitic Cloud
  5736 | D:6      | Found a glowing golden altar of the Shining One.
  5736 | D:6      | Found an ancient bone altar of Kikubaaqudgha.
  5766 | D:6      | Found a stormy altar of Qazlal.
  5899 | D:6      | Noticed Eustachio
  5911 | D:6      | Killed Eustachio
  6117 | D:7      | Noticed a hippogriff
  6147 | D:7      | Killed a hippogriff
  6147 | D:7      | Reached XP level 9. HP: 65/65 MP: 26/26
  6197 | D:7      | Gained mutation: Your cowardice makes you less effective in
                  | combat with threatening monsters. [Ru sacrifice]
  6197 | D:7      | Reached *** piety under Ru
  6197 | D:7      | Reached **** piety under Ru
  6271 | D:7      | Found a sand-covered staircase.
  6294 | Ossuary  | Entered an ossuary
  6732 | D:7      | Noticed Pikel
  6769 | D:7      | Killed Pikel
  6769 | D:7      | Reached skill level 5 in Invocations
  6794 | D:7      | Noticed Menkaure
  6906 | D:7      | Killed Menkaure
  7108 | D:6      | Reached skill level 5 in Fighting
  7108 | D:6      | Reached skill level 5 in Short Blades
  7108 | D:6      | Reached skill level 5 in Long Blades
  7108 | D:6      | Reached skill level 5 in Axes
  7108 | D:6      | Reached skill level 5 in Maces & Flails
  7108 | D:6      | Reached skill level 5 in Polearms
  7108 | D:6      | Reached skill level 5 in Staves
  7108 | D:6      | Reached skill level 5 in Slings
  7108 | D:6      | Reached skill level 5 in Bows
  7108 | D:6      | Reached skill level 5 in Crossbows
  7108 | D:6      | Reached skill level 5 in Throwing
  7108 | D:6      | Reached skill level 5 in Armour
  7108 | D:6      | Reached skill level 5 in Dodging
  7108 | D:6      | Reached skill level 5 in Stealth
  7108 | D:6      | Reached skill level 5 in Shields
  7108 | D:6      | Reached skill level 5 in Unarmed Combat
  7207 | D:6      | Reached XP level 10. HP: 74/74 MP: 27/27
  7473 | D:7      | Found a runed translucent door.
  7474 | D:7      | Noticed Crazy Yiuf
  7480 | D:7      | Killed Crazy Yiuf
  7915 | D:8      | Found a staircase to the Lair.
  7920 | D:8      | Reached skill level 5 in Conjurations
  7920 | D:8      | Reached skill level 5 in Fire Magic
  7941 | D:8      | Found a hide-covered altar of Uskayaw.
  8345 | D:8      | Found a glowing silver altar of Zin.
  8379 | D:8      | Learned a level 1 spell: Apportation
  8821 | D:9      | Reached skill level 14 in Spellcasting
  8882 | D:9      | Gained mutation: Your magical capacity is low. (-10% MP)
                  | [Ru sacrifice]
  8882 | D:9      | Reached ***** piety under Ru
  8888 | D:9      | Found Vilaovutu's Weapon Shoppe.
  8888 | D:9      | Found a staircase to the Orcish Mines.
  8964 | D:9      | Found a shattered altar of Ashenzari.
  9013 | D:9      | Found Solat's General Store.
  9017 | D:9      | Bought a scroll of noise for 14 gold pieces
  9017 | D:9      | Bought a scroll of silence for 105 gold pieces
  9208 | D:9      | Reached XP level 11. HP: 81/81 MP: 26/26
  9442 | D:9      | Reached skill level 5 in Hexes
  9442 | D:9      | Reached skill level 5 in Charms
  9442 | D:9      | Reached skill level 5 in Summonings
  9442 | D:9      | Reached skill level 5 in Necromancy
  9442 | D:9      | Reached skill level 5 in Translocations
  9442 | D:9      | Reached skill level 5 in Transmutations
  9442 | D:9      | Reached skill level 5 in Ice Magic
  9442 | D:9      | Reached skill level 5 in Air Magic
  9442 | D:9      | Reached skill level 5 in Earth Magic
  9442 | D:9      | Reached skill level 5 in Poison Magic
  9749 | D:10     | Entered Level 10 of the Dungeon
 10197 | D:10     | Found Zyomeeq's General Store.
 10210 | D:10     | Bought a scroll of identify for 24 gold pieces
 10244 | D:10     | Found Memuteqeso's Armour Emporium.
 10245 | D:10     | Noticed a two-headed ogre
 10251 | D:10     | HP: 3/81 [two-headed ogre/+0 giant club (17)]
 10609 | D:10     | Killed a two-headed ogre
 10626 | D:10     | Found Zol Witi's General Store.
 10630 | D:10     | Bought a scroll of fear for 52 gold pieces
 10630 | D:10     | Bought a potion of curing for 45 gold pieces
 10983 | D:10     | Found Teveascha's Assorted Antiques.
 10986 | D:10     | Bought a distressingly furry chain mail for 256 gold pieces
 10986 | D:10     | Bought a scroll of teleportation for 81 gold pieces
 10996 | D:10     | Identified the +7 chain mail of Ibla Big {rC+ MR+ Stlth+}
                  | (You bought it in a shop on level 10 of the Dungeon)
 11253 | D:10     | Noticed an unseen horror
 11281 | D:10     | Killed an unseen horror
 11567 | D:10     | Found a runed translucent gate.
 11567 | D:10     | Found a runed translucent gate.
 11567 | D:10     | Found a runed translucent gate.
 11568 | D:10     | Noticed Gruesph's ghost (novice CeHu)
 11752 | Orc:1    | Entered Level 1 of the Orcish Mines
 11752 | Orc:1    | Noticed Fannar
 11788 | D:9      | Killed Fannar
 11976 | Orc:2    | Entered Level 2 of the Orcish Mines
 12364 | Orc:2    | Reached XP level 12. HP: 89/89 MP: 27/27
 12368 | Orc:2    | Noticed a two-headed ogre
 12372 | Orc:2    | Noticed a two-headed ogre
 12494 | Orc:2    | Noticed an ogre mage
 12704 | Orc:1    | Killed a two-headed ogre
 12912 | Orc:2    | Noticed a two-headed ogre
 13168 | Orc:1    | Killed a two-headed ogre
 13200 | Orc:2    | Noticed a two-headed ogre
 13324 | D:9      | Killed a two-headed ogre
 13330 | D:9      | Killed a two-headed ogre
 13716 | Orc:2    | Noticed a two-headed ogre
 13717 | Orc:2    | Noticed an ogre mage
 14293 | Orc:1    | Killed an ogre mage
 14534 | Orc:1    | Killed a two-headed ogre
 14718 | Orc:2    | Noticed a two-headed ogre
 14722 | Orc:2    | Killed an ogre mage
 14777 | D:9      | Bought the cursed -2 pair of boots of Time Monsters {rElec
                  | rF+ SInv} for 233 gold pieces
 14966 | Orc:1    | Killed a two-headed ogre
 15253 | Orc:2    | Noticed a two-headed ogre
 15275 | Orc:1    | Killed a two-headed ogre
 15561 | Orc:2    | Found Rout's Book Boutique.
 15599 | Orc:1    | Noticed a two-headed ogre
 15601 | Orc:1    | Noticed a two-headed ogre
 15610 | Orc:1    | Killed a two-headed ogre
 15610 | Orc:1    | Reached XP level 13. HP: 68/98 MP: 28/28
 15886 | Orc:2    | Found Hiagid's Weapon Shop.
 15888 | Orc:2    | Found Ziywy's Gadget Emporium.
 16060 | Orc:2    | Found a staircase to the Elven Halls.
 16067 | Orc:2    | Found Nikkour's Book Boutique.
 16446 | Orc:1    | Noticed Urug
 16465 | Orc:1    | Killed Urug
 17857 | D:11     | Found Zuoruodu's Jewellery Emporium.
 18093 | Lair:1   | Entered Level 1 of the Lair of Beasts
 18257 | Lair:1   | Noticed Nergalle
 18276 | Lair:1   | Killed Nergalle
 18589 | Lair:1   | Learned a level 3 spell: Regeneration
 18593 | Lair:1   | Learned a level 2 spell: Passwall
 18977 | Lair:2   | You fall into a shaft and drop 1 floor!
 19403 | Lair:2   | Noticed Gastronok
 19415 | Lair:2   | Killed Gastronok
 19415 | Lair:2   | Reached skill level 15 in Spellcasting
 19807 | Lair:2   | Reached XP level 14. HP: 49/106 MP: 7/29
 20056 | Lair:2   | Found a staircase to the Snake Pit.
 20254 | Lair:2   | Got a crude war axe
 20255 | Lair:2   | Identified the +8 war axe "Rynil" {elec, rElec SInv} (You
                  | found it on level 2 of the Lair of Beasts)
 21206 | Lair:4   | Noticed Sonja
 21207 | Lair:4   | Noticed Sonja
 21207 | Lair:4   | Sonja changed into Sonja the soldier ant
 21214 | Lair:4   | Killed Sonja the soldier ant
 21255 | Lair:4   | Noticed Kirke
 21266 | Lair:4   | Found a staircase to the Swamp.
 21304 | Lair:3   | Noticed a sphinx
 21313 | Lair:3   | Killed Kirke
 21313 | Lair:3   | Reached skill level 10 in Evocations
 23391 | Lair:5   | Found a staircase to the Slime Pits.
 23392 | Lair:5   | Found a viscous altar of Jiyva.
 23523 | Lair:5   | Reached skill level 10 in Invocations
 23977 | Lair:6   | Entered Level 6 of the Lair of Beasts
 24396 | Lair:6   | Found a runed translucent gate.
 24396 | Lair:6   | Found a runed translucent gate.
 24396 | Lair:6   | Found a runed translucent gate.
 24858 | Lair:6   | Noticed Chainwhirler's ghost (journeyman DEFE)
 24859 | Lair:6   | Found a viscous altar of Jiyva.
 25151 | Lair:6   | Reached XP level 15. HP: 87/114 MP: 25/30
 26301 | Lair:6   | Identified the ring "Feti Zuts" {Fire Dex+6} (You found it
                  | on level 6 of the Lair of Beasts)
 26739 | D:12     | Got a transparent lead ring
 26741 | D:12     | Identified the ring "Cusudagg" {+Fly rC+ rCorr Int-5} (You
                  | found it on level 12 of the Dungeon)
 26742 | D:12     | Gained mutation: You cannot drink potions while threatened.
                  | [Ru sacrifice]
 27155 | D:12     | Found an ancient bone altar of Kikubaaqudgha.
 27578 | D:10     | Bought a scroll of acquirement for 624 gold pieces
 27620 | D:13     | Found a gate to the Vaults.
 27620 | D:13     | Noticed Rupert
 27794 | D:13     | Found a flagged portal.
 27801 | Bailey   | Entered a bailey
 28243 | Bailey   | Reached skill level 10 in Fighting
 28243 | Bailey   | Reached skill level 10 in Short Blades
 28243 | Bailey   | Reached skill level 10 in Long Blades
 28243 | Bailey   | Reached skill level 10 in Axes
 28243 | Bailey   | Reached skill level 10 in Maces & Flails
 28243 | Bailey   | Reached skill level 10 in Polearms
 28243 | Bailey   | Reached skill level 10 in Staves
 28243 | Bailey   | Reached skill level 10 in Slings
 28243 | Bailey   | Reached skill level 10 in Bows
 28243 | Bailey   | Reached skill level 10 in Crossbows
 28243 | Bailey   | Reached skill level 10 in Throwing
 28243 | Bailey   | Reached skill level 10 in Armour
 28243 | Bailey   | Reached skill level 10 in Dodging
 28243 | Bailey   | Reached skill level 10 in Stealth
 28243 | Bailey   | Reached skill level 10 in Shields
 28243 | Bailey   | Reached skill level 10 in Unarmed Combat
 28261 | Bailey   | Gained mutation: You do not regenerate when monsters are
                  | visible. [Ru sacrifice]
 28261 | Bailey   | Reached ****** piety under Ru
 28291 | D:13     | Killed Rupert
 28360 | D:13     | Noticed Nessos
 28561 | D:13     | Killed Nessos
 29597 | D:14     | Noticed Jorgrun
 29621 | D:14     | Killed Jorgrun
 30169 | D:14     | Reached XP level 16. HP: 120/123 MP: 30/32
 30236 | D:14     | Noticed Louise
 30262 | D:14     | Killed Louise
 30537 | D:15     | Entered Level 15 of the Dungeon
 32131 | D:15     | Identified the Handbook of Fetching Flight
 32145 | D:15     | Reached skill level 16 in Spellcasting
 32534 | D:15     | Found a staircase to the Depths.
 32949 | Elf:1    | Entered Level 1 of the Elven Halls
 33157 | Elf:1    | Found a shimmering blue altar of Sif Muna.
 33498 | Elf:1    | Learned a level 2 spell: Corpse Rot
 34528 | Elf:1    | Cast into level 2 of the Abyss (a wizard)
 34587 | Abyss:2  | Noticed a bone dragon
 34632 | Abyss:2  | Killed a bone dragon
 34702 | Abyss:3  | Found a corrupted altar of Lugonu.
 35020 | Abyss:3  | Paralysed by accursed screaming for 2 turns
 35023 | Abyss:3  | Got an abyssal rune of Zot
 35027 | Abyss:3  | Noticed a tentacled starspawn
 35038 | Abyss:3  | Paralysed by accursed screaming for 2 turns
 35341 | Elf:1    | Escaped the Abyss
 35649 | Elf:1    | Reached XP level 17. HP: 50/104 MP: 15/33
 36916 | Elf:2    | Found a runed translucent gate.
 36916 | Elf:2    | Found a runed translucent gate.
 36916 | Elf:2    | Found a runed translucent gate.
 37080 | Elf:2    | Found Ofibrax's Book Shoppe.
 37256 | Elf:2    | Noticed a deep elf blademaster
 37271 | Elf:2    | Killed a deep elf blademaster
 37468 | Elf:2    | Noticed Donald
 37489 | Elf:2    | Killed Donald
 37536 | Elf:2    | Reached skill level 10 in Conjurations
 37536 | Elf:2    | Reached skill level 10 in Fire Magic
 38582 | Elf:3    | Entered Level 3 of the Elven Halls
 39070 | Elf:3    | Reached skill level 10 in Hexes
 39070 | Elf:3    | Reached skill level 10 in Charms
 39070 | Elf:3    | Reached skill level 10 in Summonings
 39070 | Elf:3    | Reached skill level 10 in Necromancy
 39070 | Elf:3    | Reached skill level 10 in Translocations
 39070 | Elf:3    | Reached skill level 10 in Transmutations
 39070 | Elf:3    | Reached skill level 10 in Ice Magic
 39070 | Elf:3    | Reached skill level 10 in Air Magic
 39070 | Elf:3    | Reached skill level 10 in Earth Magic
 39070 | Elf:3    | Reached skill level 10 in Poison Magic
 39205 | Elf:3    | Reached XP level 18. HP: 125/139 MP: 25/34
 39237 | Elf:3    | Identified the +2 pair of boots of the Sky {MR+ Dex-3 SInv}
                  | (You found it on level 3 of the Elven Halls)
 39373 | Elf:3    | Noticed a deep elf master archer
 39391 | Elf:3    | Identified the +6 dagger of Discord {pierce, Int+3}
 39394 | Elf:3    | Noticed a deep elf blademaster
 39399 | Elf:3    | Noticed a deep elf master archer
 39399 | Elf:3    | HP: 5/140 [deep elf death mage/bolt of negative energy (9)]
 39399 | Elf:3    | HP: 2/140 [deep elf elementalist/fireball (3)]
 39400 | Elf:3    | Noticed a deep elf master archer
 39400 | Elf:3    | Shot with an arrow by a deep elf master archer

Levels and vault maps discovered:
D:1:      wander_arrival_lonely_grave, layout_loops_cross
D:2:      layout_basic
D:3:      minmay_octagon_keep, layout_basic, bloody_trog,
          nicolae_ru_great_annihilating_truth, uniq_terence
D:4:      layout_rooms, gammafunk_temple_overflow_elements,
          minmay_temple_entry_wispy, first_ration, nicolae_tso_carved_into_rock
D:5:      layout_loops_ring, chequers_temple_overflow_statue_of_worship,
          minivault_4
D:6:      layout_rooms, nicolae_qazlal_general_emergency,
          amethyst_overflow_temple_binary, minmay_small_thing, uniq_eustachio
D:7:      layout_cave_pools, nicolae_ossuary_entry_catacombs, grunt_livestock,
          uniq_menkaure, uniq_crazy_yiuf_cottage, uniq_pikel
D:8:      layout_loops_corners, nicolae_overflow_hidden_temple,
          grunt_lair_entry_orc_guard_hut, basic_altar, dk_vineyard_3,
          grunt_ministairs_4
D:9:      layout_roguey, ashenzari_altar_1, orc_david_3, serial_shops,
          nicolae_shop_statue_plus, eino_tiny_chamber
D:10:     cheibrodos_barr_body, layout_basic, serial_shops,
          kennysheep_mini_moat, nicolae_shop_behind_doors, shop,
          nicolae_shop_stone, gammafunk_ghost_nasty_kobolds
D:11:     layout_loops_corners, serial_shops, nicolae_shop_crystal
D:12:     layout_cave_pools, basic_altar, grunt_decor_cap
D:13:     layout_loops_ring, david_vaults_3, enter_bailey_2,
          minmay_misc_feat_five, uniq_nessos
D:14:     layout_irregular_city, minmay_stone_trees_small, uniq_jorgrun,
          uniq_louise
D:15:     hangedman_depths_entry_civil_slaughter, layout_cave_pools,
          roderic_serpentine_path
Lair:1:   layout_gridlike, minmay_lair_oklob_chamber,
          infiniplex_staircase_pool_2, uniq_nergalle
Lair:2:   layout_roguey, minmay_snake_entry_guardpost_small,
          beast_lair_carwin_5, uniq_gastronok
Lair:3:   layout_concentric_octagons, serial_bayou_shore_b
Lair:4:   dpeg_oklob_gauntlet, layout_layer_cave, skrybe_swamp_entry_bodies,
          grunt_megastairs_5, uniq_sonja, uniq_kirke
Lair:5:   layout_gridlike, slime_altar_1, infiniplex_staircase_pool
Lair:6:   grunt_lair_end_beastmaster, layout_cave_shapes, gammafunk_ghost_ooze,
          chequers_serial_rivers_micro_b, lookout_lair_type,
          bobbens_ice_dragon_lair
Orc:1:    layout_diamond_mine, uniq_urug, uniq_fannar
Orc:2:    st_orc_open, layout_caves
Elf:1:    eino_elf_arrival_shootout, layout_onion_city, basic_altar,
          hangedman_elf_disciples
Elf:2:    layout_rooms, serial_shops, nicolae_shop_competitors_out_of_business,
          elves_outpost_lemuel, uniq_donald
Elf:3:    nooodl_elf_gasket, layout_rooms

Skill      XL: |  1  2  3  4  5  6  7  8  9 10 11 12 13 14 15 16 17 |
---------------+----------------------------------------------------+-----
Spellcasting   | 13 14 15 16 | 16.7
Conjurations   | 2 3 4 5 6 7 8 9 10 | 10.3
Fire Magic     | 2 3 4 5 6 7 8 9 10 | 10.3
Invocations    | 1 2 4 5 6 7 8 9 10 11 12 | 12.8
Fighting       | 1 2 4 5 6 7 8 9 10 11 | 11.8
Short Blades   | 1 2 4 5 6 7 8 9 10 11 | 11.8
Long Blades    | 1 2 4 5 6 7 8 9 10 11 | 11.8
Axes           | 1 2 4 5 6 7 8 9 10 11 | 11.8
Maces & Flails | 1 2 4 5 6 7 8 9 10 11 | 11.8
Polearms       | 1 2 4 5 6 7 8 9 10 11 | 11.8
Staves         | 1 2 4 5 6 7 8 9 10 11 | 11.8
Slings         | 1 2 4 5 6 7 8 9 10 11 | 11.8
Bows           | 1 2 4 5 6 7 8 9 10 11 | 11.8
Crossbows      | 1 2 4 5 6 7 8 9 10 11 | 11.8
Throwing       | 1 2 4 5 6 7 8 9 10 11 | 11.8
Armour         | 1 2 4 5 6 7 8 9 10 11 | 11.8
Dodging        | 1 2 4 5 6 7 8 9 10 11 | 11.8
Stealth        | 1 2 4 5 6 7 8 9 10 11 | 11.8
Shields        | 1 2 4 5 6 7 8 9 10 11 | 11.8
Unarmed Combat | 1 2 4 5 6 7 8 9 10 11 | 11.8
Hexes          | 1 3 4 5 6 7 8 9 10 | 10.1
Charms         | 1 3 4 5 6 7 8 9 10 | 10.1
Summonings     | 1 3 4 5 6 7 8 9 10 | 10.1
Necromancy     | 1 3 4 5 6 7 8 9 10 | 10.1
Translocations | 1 3 4 5 6 7 8 9 10 | 10.1
Transmutations | 1 3 4 5 6 7 8 9 10 | 10.1
Ice Magic      | 1 3 4 5 6 7 8 9 10 | 10.1
Air Magic      | 1 3 4 5 6 7 8 9 10 | 10.1
Earth Magic    | 1 3 4 5 6 7 8 9 10 | 10.1
Poison Magic   | 1 3 4 5 6 7 8 9 10 | 10.1
Evocations     | 5 6 7 8 9 10 11 12 | 12.6

Action                   |  1- 3 |  4- 6 |  7- 9 | 10-12 | 13-15 | 16-18 || total
-------------------------+-------+-------+-------+-------+-------+-------++-------
Melee: Club              |    26 |       |       |       |       |       ||    26
       Bite              |     1 |     2 |    25 |    83 |   172 |   133 ||   416
       Spear             |       |     4 |       |       |       |       ||     4
       Quarterstaff      |       |     9 |   232 |   668 |   558 |   824 ||  2291
       War axe           |       |       |       |       |   801 |   302 ||  1103
       Punch             |       |       |       |       |    34 |    12 ||    46
       Eveningstar       |       |       |       |       |       |    27 ||    27
 Fire: Hunting sling     |    28 |   243 |   245 |     7 |    61 |       ||   584
Throw: Boomerang         |       |     4 |     2 |    13 |     2 |    31 ||    52
       Stone             |       |       |       |       |    16 |     1 ||    17
 Cast: Magic Dart        |    49 |       |       |       |       |       ||    49
       Blink             |       |     3 |       |     2 |       |     2 ||     7
       Regeneration      |       |       |       |       |     1 |    42 ||    43
       Passwall          |       |       |       |       |       |     4 ||     4
       Apportation       |       |       |       |       |       |     2 ||     2
Invok: Sacrifice Experie |       |     1 |       |       |       |       ||     1
       Sacrifice Courage |       |       |     1 |       |       |       ||     1
       Sacrifice Essence |       |       |       |     1 |       |       ||     1
       Power Leap        |       |       |       |     3 |     7 |     9 ||    19
       Reject Sacrifices |       |       |       |     1 |     1 |       ||     2
       Draw Out Power    |       |       |       |       |     1 |     1 ||     2
       Sacrifice Purity  |       |       |       |       |     1 |       ||     1
       Sacrifice Drink   |       |       |       |       |     1 |       ||     1
 Abil: Evoke Flight      |       |       |       |       |     4 |       ||     4
Evoke: Wand              |       |       |     5 |    11 |     7 |     3 ||    26
  Use: Scroll            |       |     1 |     9 |     8 |     9 |    10 ||    37
       Potion            |       |       |     1 |       |       |     1 ||     2
 Stab: Sleeping          |       |       |     9 |     8 |    13 |     9 ||    39
       Distracted        |       |       |     1 |     7 |     8 |     7 ||    23
       Paralysed         |       |       |       |    20 |     5 |     2 ||    27
       Invisible         |       |       |       |     4 |     6 |    20 ||    30
       Confused          |       |       |       |       |       |     1 ||     1
  Eat: Chunk             |       |     6 |    14 |    24 |    45 |    24 ||   113
       Ration            |       |       |       |     2 |     2 |     3 ||     7
Armor: Robe              |     3 |       |       |       |       |       ||     3
       Ring mail         |    23 |    34 |   138 |   113 |       |       ||   308
       Chain mail        |       |       |       |   230 |   796 |   521 ||  1547
Dodge: Dodged            |    26 |    83 |   194 |   436 |   798 |   585 ||  2122
